 Dungeon Crawl Stone Soup version 0.29.1 (webtiles) character file.

Game seed: 11629102782554145871

6825 greasedhog the Prestidigitator (level 11, -5/63 HPs)
             Began as a Gargoyle Cinder Acolyte on Sept 14, 2022.
             Was a Believer of Ignis.
             Slain by a gnoll sergeant
             ... wielding a +1 trident of venom
              (11 damage)
             ... on level 9 of the Dungeon.
             The game lasted 00:14:15 (11947 turns).

greasedhog the Prestidigitator (GrCA)              Turns: 11947, Time: 00:14:15

Health: -5/63      AC: 22    Str: 18    XL:     11   Next: 5%
Magic:  12/12      EV:  9    Int: 15    God:    Ignis [**....]
Gold:   281        SH:  5    Dex:  9    Spells: 12/12 levels left

rFire   + . .      SeeInvis .   z - +1 whip (flame)
rCold   . . .      Faith    .   (no shield)
rNeg    + . .      Spirit   .   D - +0 chain mail
rPois   ∞          Reflect  +   (no helmet)
rElec   +          Harm     .   (no cloak)
rCorr   .          Rampage  .   g - +0 pair of gloves
Will    .....                   e - +2 pair of boots
Stlth   ..........              q - amulet of reflection
HPRegen 0.20/turn               (no ring)
MPRegen 0.13/turn               (no ring)

@: studying Dodging
A: sickness immunity, AC +8, negative energy resistance 1, electricity
resistance, torment resistance 1, petrification resistance
a: Renounce Religion, Fiery Armour, Foxfire Swarm, Rising Flame


You were on level 9 of the Dungeon.
You worshipped Ignis.
Ignis was pleased with you.
You visited 2 branches of the dungeon, and saw 10 of its levels.

You collected 495 gold pieces.
You spent 214 gold pieces at shops.

Inventory:

Hand Weapons
 z - a +1 whip of flaming (weapon)
Missiles
 c - a throwing net
 d - 34 poisoned darts (quivered)
Armour
 e - a +2 pair of boots (worn)
 g - a +0 pair of gloves (worn)
 D - a +0 chain mail (worn)
Jewellery
 p - a ring of protection from fire
 q - an amulet of reflection (around neck)
Wands
 a - a wand of paralysis (6)
 b - a wand of digging (5)
 v - a wand of flame (30)
 C - a wand of polymorph (7)
Scrolls
 h - 4 scrolls of teleportation
 k - 2 scrolls of fog
 o - 2 scrolls of poison
 r - 2 scrolls of enchant weapon
 s - a scroll of silence
 w - a scroll of enchant armour
 x - 4 scrolls of identify
 y - 3 scrolls of amnesia
 B - a scroll of summoning
Potions
 f - a potion of flight
 i - 2 potions of attraction
 j - a potion of mutation {unknown}
 l - a potion of haste {unknown}
 m - a potion of curing
 n - a potion of lignification {unknown}
 t - a potion of invisibility
 u - a potion of cancellation {unknown}
 A - a potion of resistance


   Skills:
 - Level 5.0 Fighting
 * Level 10.1 Maces & Flails
 - Level 5.2 Armour
 * Level 8.8 Dodging
 - Level 1.0 Spellcasting
 - Level 3.0 Fire Magic
 - Level 10.2 Evocations


You had 12 spell levels left.
You didn't know any spells.
Your spell library contained the following spells:

 Spells                   Type           Power      Damage    Failure   Level
 Scorch                   Fire           18%        2d6       77%         2
 Blink                    Tloc           0%         N/A       99%         2
 Gell's Gravitas          Tloc           0%         N/A       100%        3
 Lesser Beckoning         Tloc           0%         N/A       100%        3
 Summon Guardian Golem    Hex/Summ       0%         N/A       100%        3
 Teleport Other           Tloc           0%         N/A       100%        3
 Tukima's Dance           Hex            0%         N/A       100%        3
 Passage of Golubria      Tloc           0%         N/A       100%        4
 Manifold Assault         Tloc           0%         N/A       100%        5
 Yara's Violent Unravell  Hex/Tmut       0%         3d3       100%        5
 Malign Gateway           Summ/Tloc      0%         N/A       100%        7
 Orb of Destruction       Conj           0%         9d5       100%        7
 Spellforged Servitor     Conj/Summ      0%         N/A       100%        7
 Storm Form               Tmut/Air       0%         N/A       100%        7
 Summon Horrible Things   Summ           0%         N/A       100%        8


Dungeon Overview and Level Annotations

Branches:
Dungeon (9/15)             Temple (1/1) D:7
   Lair: D:8-11         Orc: D:9-12

Altars:
Ashenzari
Cheibriados
Dithmenos
Elyvilon
Fedhas
Gozag
Hepliaklqana
Kikubaaqudgha
Makhleb
Nemelex Xobeh
Okawaru
Qazlal
Ru
Sif Muna
Trog
Uskayaw
Vehumet
Wu Jian
Xom
Yredelemnul
Zin
The Shining One

Shops:
D:5 ?

Annotations:
D:7 4 transporters, SnakkuSnakku7's ghost, novice OgEn


Innate Abilities, Weirdness & Mutations

You are immune to sickness and miasma.
Your stone body is resilient. (AC +8)
You are immune to poison.
You resist negative energy. (rN+)
You are resistant to electric shocks. (rElec)
You are resistant to unholy torment.
You are immune to petrification.


Message History

The gnoll sergeant is moderately wounded.
The gnoll hits you but does no damage. You block the gnoll's attack.
You block the gnoll sergeant's attack.
You hit the gnoll sergeant but do no damage.
The gnoll sergeant is moderately wounded.
You hit the gnoll sergeant but do no damage.
The gnoll sergeant is moderately wounded.
The gnoll hits you with a +0 spear. You block the gnoll's attack.
The gnoll sergeant hits you with a +1 trident of venom.
You hit the gnoll sergeant but do no damage.
The gnoll sergeant is moderately wounded.
The gnoll barely misses you. The gnoll hits you but does no damage.
The gnoll sergeant hits you but does no damage.
You closely miss the gnoll sergeant.
The gnoll sergeant is moderately wounded.
You hit the gnoll sergeant. You burn the gnoll sergeant.
The gnoll sergeant is moderately wounded.
The gnoll hits you but does no damage. The gnoll barely misses you.
The gnoll sergeant barely misses you.
You hit the gnoll sergeant but do no damage.
The gnoll sergeant is moderately wounded.
You barely miss the gnoll sergeant.
The gnoll sergeant is moderately wounded.
The gnoll hits you with a +0 spear. The gnoll hits you but does no damage.
The gnoll sergeant barely misses you.
You closely miss the gnoll sergeant.
The gnoll sergeant is moderately wounded.
You block the gnoll's attack. The gnoll hits you with a +0 halberd.
You block the gnoll sergeant's attack.
You barely miss the gnoll sergeant.
The gnoll sergeant is moderately wounded.
The gnoll sergeant attacks as you move away!
The gnoll sergeant hits you with a +1 trident of venom!
* * * LOW HITPOINT WARNING * * *
The gnoll attacks as you move away! The gnoll barely misses you.
The gnoll hits you from afar with a +0 spear.
* * * LOW HITPOINT WARNING * * *
The gnoll closely misses you.
The gnoll sergeant hits you from afar with a +1 trident of venom!
You die...

..# ..# ##### ..#
..###...## ..#####
...#.....# .......
...#.....#########.......
...#.....#.......#..<....
.........#.......#.......
.........#......)#g......
................@)g......
#...............)#g......
#................#.......
.................#.##....
##...............#.# ...
##........########.# ..
##..#####.# .# . ....#
#.# ## ....#


You could see a gnoll sergeant and 2 gnolls.

Vanquished Creatures
  Prince Ribbit (D:6)
  3 steam dragons
  Duvessa (D:6)
  A sky beast (D:7)
  2 black bears (D:4)
  2 ogres
  A phantom (D:5)
  2 kobold brigands
  Blork the orc (D:6)
  4 bullfrogs
  A necrophage (D:3)
  5 scorpions
  10 wights (D:8)
  Dowan (D:6)
  18 killer bees
  An electric eel (D:6)
  3 howler monkeys
  2 jellies
  3 hounds
  An orc priest (D:6)
  Terence (D:2)
  6 iguanas
  5 orc wizards
  12 gnolls
  9 adders
  A shadow imp (D:6)
  A white imp (D:5)
  3 ufetubi (D:5)
  3 worms (D:2)
  3 dart slugs
  24 orcs
  2 ball pythons
  5 bats
  3 endoplasms
  2 giant cockroaches (D:4)
  15 hobgoblins
  14 jackals
  18 kobolds
  8 quokkas
  3 frilled lizards
  10 goblins
  5 rats
216 creatures vanquished.

Vanquished Creatures (others)
  An ugly thing (D:7)
  An orc (D:7)
  20 foxfires (D:6)
  2 plants (D:1)
24 creatures vanquished.

Grand Total: 240 creatures vanquished

Notes
Turn   | Place    | Note
-------+----------+-------------------------------------------
     0 | D:1      | greasedhog the Gargoyle Cinder Acolyte began the quest for
                  | the Orb.
     0 | D:1      | Reached XP level 1. HP: 14/14 MP: 2/2
   289 | D:1      | Reached XP level 2. HP: 6/20 MP: 3/3
   633 | D:1      | Found a faded altar of an unknown god.
   649 | D:1      | Reached XP level 3. HP: 24/24 MP: 4/4
  1703 | D:2      | Reached XP level 4. HP: 30/30 MP: 5/5
  1707 | D:2      | Found a white marble altar of Elyvilon.
  2032 | D:2      | Noticed Terence
  2043 | D:2      | Killed Terence
  2044 | D:2      | Reached XP level 5. HP: 26/34 MP: 3/6
  2336 | D:2      | Reached skill level 5 in Fighting
  2859 | D:3      | Found a basalt altar of Yredelemnul.
  2919 | D:3      | Reached skill level 1 in Armour
  2993 | D:3      | Reached skill level 5 in Maces & Flails
  3039 | D:3      | Reached XP level 6. HP: 39/40 MP: 5/7
  3276 | D:3      | Found a white marble altar of Elyvilon.
  3592 | D:4      | Found a hide-covered altar of Uskayaw.
  3670 | D:4      | Noticed a black bear
  3690 | D:4      | Killed a black bear
  3691 | D:4      | Reached XP level 7. HP: 26/44 MP: 8/8
  4584 | D:4      | Found a glowing golden altar of the Shining One.
  4653 | D:5      | Entered Level 5 of the Dungeon
  4684 | D:5      | Reached skill level 5 in Armour
  5219 | D:5      | Reached skill level 1 in Dodging
  5219 | D:5      | Reached XP level 8. HP: 45/49 MP: 9/9
  5727 | D:5      | Found a radiant altar of Vehumet.
  5767 | D:5      | Found Deigge's Magic Scroll Shop.
  5775 | D:5      | Bought a scroll of enchant armour for 82 gold pieces
  5775 | D:5      | Bought a scroll of identify for 22 gold pieces
  5775 | D:5      | Bought a scroll of amnesia for 44 gold pieces
  5775 | D:5      | Bought a scroll of teleportation for 33 gold pieces
  5775 | D:5      | Bought a scroll of teleportation for 33 gold pieces
  6573 | D:6      | Found a shimmering altar of Xom.
  6576 | D:6      | Found a shimmering blue altar of Sif Muna.
  6611 | D:6      | Noticed Duvessa
  6618 | D:6      | Noticed Dowan
  6625 | D:6      | Noticed Prince Ribbit
  6652 | D:6      | Killed Duvessa
  6653 | D:6      | Reached skill level 5 in Dodging
  6655 | D:6      | Killed Prince Ribbit
  6655 | D:6      | Killed Dowan
  6656 | D:6      | Reached XP level 9. HP: 7/54 MP: 10/10
  7152 | D:6      | Noticed Blork the orc
  7194 | D:6      | Killed Blork the orc
  7699 | D:7      | Noticed a two-headed ogre
  7699 | D:7      | Found a staircase to the Ecumenical Temple.
  8006 | D:7      | Found a snail-covered altar of Cheibriados.
  8460 | D:7      | Found a transporter.
  8608 | D:7      | Found a transporter.
  8941 | Temple   | Entered the Ecumenical Temple
  9249 | D:7      | Found a transporter.
  9249 | D:7      | Noticed SnakkuSnakku7's ghost (novice OgEn)
  9249 | D:7      | Noticed an efreet
  9249 | D:7      | Noticed a cyan ugly thing
  9279 | D:7      | Found an ancient bone altar of Kikubaaqudgha.
  9557 | D:7      | Found a transporter.
  9567 | D:7      | Killed a cyan ugly thing
  9754 | D:8      | Identified the +3 long sword of Inoluhirr {drain, rF+ Will+
                  | Str-3 Dex+4}
  9758 | D:8      | Reached skill level 10 in Evocations
  9758 | D:8      | Reached XP level 10. HP: 59/59 MP: 11/11
 10541 | D:8      | Found an opulent altar of Gozag.
 10969 | D:8      | Reached skill level 10 in Maces & Flails
 11220 | D:8      | Found a glowing silver altar of Zin.
 11690 | D:9      | Reached XP level 11. HP: 57/63 MP: 12/12
 11849 | D:9      | Found a sacrificial altar of Ru.
 11947 | D:9      | Slain by a gnoll sergeant

Illustrated notes

Levels and vault maps discovered:
D:1:      matt_arrival_spirals, layout_loops_ring, serial_forest,
          infiniplex_forest_clump_curved, infiniplex_forest_end_1,
          infiniplex_forest_clump_small, infiniplex_forest_corner_1,
          infiniplex_forest_lined_room_3, shapermc_ecumenical_altar_notcrosses
D:2:      layout_loops_cross, basic_altar, uniq_terence
D:3:      layout_loops_cross, kennysheep_ying_yang, patterned_corridor
D:4:      layout_basic, general_overflow_altar, mainiacjoe_overflow_brackets
D:5:      layout_basic, vehumet_altar_wand_db, serial_shops,
          nicolae_shop_advertising_works [nicolae_subvault_shop_adworks]
D:6:      layout_basic, nicolae_overflow_squiral, nicolae_figureground_pulse,
          uniq_prince_ribbit1, uniq_blork_the_orc, uniq_duvessa
D:7:      gammafunk_cloud_chamber, layout_loops_ring,
          mainiacjoe_overflow_cross_hatched, lemuel_doored_altar,
          minmay_temple_entry_sparse_star, gammafunk_ghost_arena
D:8:      layout_basic, pdpol_temple_overflow_zin_treasury_gozag_greed,
          enter_bailey_5, hangedman_decor_slide_cut,
          chequers_serial_rivers_small_b
D:9:      layout_basic, nicolae_overflow_crystal_walls, hiddenorc1_lemuel,
          disabler_island
Temple:   dpeg_chambers_temple

Skill      XL: |  1  2  3  4  5  6  7  8  9 10 |
---------------+-------------------------------+-----
Fighting       | 4 5 |  5.0
Maces & Flails | 4 5 6 8 9 10 | 10.1
Armour         | 2 3 5 |  5.2
Dodging        | 1 5 7 8 |  8.8
Evocations     | 10 | 10.2
Spellcasting   | |  1.0
Fire Magic     | |  3.0

Action                   |  1- 3 |  4- 6 |  7- 9 | 10-12 || total
-------------------------+-------+-------+-------+-------++-------
Melee: Mace              |   108 |   243 |   494 |    85 ||   930
       Punch             |     2 |     2 |     3 |     5 ||    12
       Whip              |       |       |       |   311 ||   311
Invok: Fiery Armour      |       |       |     3 |     2 ||     5
       Foxfire Swarm     |       |       |     2 |       ||     2
  Use: Scroll            |     3 |     3 |     9 |       ||    15
       Potion            |       |       |     5 |     3 ||     8
 Stab: Invisible         |       |       |       |     7 ||     7
Armor: Robe              |     4 |       |       |       ||     4
       Ring mail         |    49 |       |       |       ||    49
       Scale mail        |    29 |   181 |   240 |       ||   450
       Chain mail        |       |       |    58 |   192 ||   250
Dodge: Dodged            |    71 |   144 |   216 |   157 ||   588
Block: Other             |       |    22 |   126 |    70 ||   218
       Reflection        |       |       |     3 |       ||     3
